 Dungeon Crawl Stone Soup version 0.21-a0-442-g848f44b (webtiles) character file.

3672 intensedog the Cleaver (level 9, -3/84 HPs)
             Began as a Minotaur Wanderer on Nov 12, 2017.
             Was an Initiate of Gozag.
             Slain by a queen ant (5 damage)
             ... on level 8 of the Dungeon.
             The game lasted 00:11:29 (8746 turns).

intensedog the Cleaver (Minotaur Wanderer)          Turns: 8746, Time: 00:11:29

Health: -3/84      AC: 16    Str: 17    XL:     9   Next: 89%
Magic:  10/10      EV:  4    Int:  9    God:    Gozag
Gold:   298        SH:  0    Dex: 15    Spells: 12/12 levels left

rFire    + . .     SeeInvis .   w - +0 war axe
rCold    + . .     Gourm    +   p - +0 buckler
rNeg     . . .     Faith    .   D - +0 plate armour
rPois    +         Spirit   .   (helmet unavailable)
rElec    +         Reflect  .   (no cloak)
rCorr    +         Harm     .   (no gloves)
MR       .....     Rnd*Rage +   m - +2 pair of boots
Stlth    ..........             E - amulet of the gourmand
HPRegen  0.24/turn              v - +2 ring of dexterity
MPRegen  0.12/turn              (no ring)

@: confused, lethally poisoned (-3 -> -37), resistant
A: retaliatory headbutt, horns 3, slimy green scales 1, berserk 1, low mp 1
a: Potion Petition, Call Merchant, Bribe Branch, Renounce Religion


You were on level 8 of the Dungeon.
You worshipped Gozag.
Gozag was aware of your devotion.
You were near starving.

You visited 2 branches of the dungeon, and saw 9 of its levels.

You collected 671 gold pieces.
You paid 373 gold pieces to Gozag.

Inventory:

Hand Weapons
 e - a +0 club
 g - a +0 war axe
 w - a +0 war axe (weapon)
Missiles
 l - 253 stones (quivered)
 z - 7 javelins
Armour
 m - a +2 pair of boots (worn)
 p - a +0 buckler (worn)
 D - a +0 plate armour (worn)
Jewellery
 v - a +2 ring of dexterity (left hand)
 E - an amulet of the gourmand (around neck)
Wands
 q - a wand of iceblast (11/15)
Scrolls
 j - a scroll of enchant armour
 k - 5 scrolls of remove curse
 s - a scroll of blinking
 u - a scroll of identify
 y - 2 scrolls of fog
 A - 3 scrolls of teleportation
 F - a scroll of vulnerability {unknown}
 I - 2 scrolls of random uselessness
Potions
 h - 2 potions of degeneration
 B - 2 potions of haste {unknown}
 H - 2 potions of lignification {unknown}
 J - a potion of invisibility {unknown}
Books
 a - a book of Geomancy

   Spells                             Type                      Level
   a - Sandblast                      Earth                        1
   b - Passwall                       Transmutation/Earth          2
   c - Stone Arrow                    Conjuration/Earth            3
   d - Petrify                        Transmutation/Earth          4
   e - Lee's Rapid Deconstruction     Earth                        5
 b - Kikubaaqudgha's Tome of Black Rites

   Spells                             Type                      Level
   a - Pain                           Necromancy                   1
   b - Vampiric Draining              Necromancy                   3
 c - the Disquisition on Lightness

   Spells                             Type                      Level
   a - Swiftness                      Charms/Air                   2
   b - Poisonous Vapours              Poison/Air                   2
Comestibles
 f - 4 bread rations
 i - 3 royal jellies
 n - 8 fruits
 t - 5 meat rations


   Skills:
 + Level 9.5 Fighting
 * Level 13.1(13.2) Axes
 - Level 3.2(9.2) Maces & Flails
 - Level 1.0 Throwing
 - Level 2.4 Armour
 - Level 1.0 Stealth
 - Level 2.1 Spellcasting
   Level 1.5 Transmutations


You had 12 spell levels left.
You didn't know any spells.

Dungeon Overview and Level Annotations

Branches:
Dungeon (8/15)             Temple (1/1) D:6
   Lair: D:8-11

Altars:
Ashenzari
Elyvilon
Gozag
The Shining One

Shops:
D:7 [

Annotations:
D:2 Sigmund


Innate Abilities, Weirdness & Mutations

You reflexively headbutt those who attack you in melee.
You have a pair of large horns on your head.
You are partially covered in slimy green scales. (AC +2)
You tend to lose your temper in combat.
Your magical capacity is low. (-10% MP)


Message History

* * * LOW HITPOINT WARNING * * *
You feel very sick.
You need at least 400 gold to purchase potions right now!
It was a potion of ambrosia.
You are confused.
You feel invigorated.
* * * LOW HITPOINT WARNING * * *
You feel very sick. The queen ant barely misses you.
It was a potion of resistance.
You feel protected.
* * * LOW HITPOINT WARNING * * *
You feel very sick.
The queen ant stings you but does no damage.
You're too confused to move!
* * * LOW HITPOINT WARNING * * *
You feel very sick. The queen ant stings you.
You die...
Your body crumbles into a pile of gold.

#.# #.# #.#
#.# #.# #.#
#.#
#####.########
#Za@)........#
#a##########.#
#$### #.#
#...# #.#
#'''# #.#
##...#
#.#######
#..#..#
#....>...
#.$.###...#
#.#######
#.a...
....####.#


You could see a queen ant, a worker ant and a bullfrog skeleton.

Vanquished Creatures
  A two-headed ogre (D:8)
  A hippogriff (D:8)
  5 soldier ants (D:8)
  A water moccasin (D:6)
  2 orc warriors (D:6)
  3 ice beasts
  A black bear (D:6)
  2 phantoms
  An ogre (D:6)
  A centaur (D:7)
  2 big kobolds (D:7)
  4 scorpions
  A howler monkey (D:5)
  A centaur zombie (D:5)
  2 bullfrog skeletons
  3 jellies
  2 orc priests
  3 hounds
  3 orc wizards
  An iguana (D:7)
  13 worker ants
  A howler monkey zombie (D:5)
  9 adders
  An ooze (D:2)
  An adder skeleton (D:4)
  3 worms
  A dart slug (D:5)
  3 leopard geckos
  7 orcs
  8 giant cockroaches
  4 hobgoblins
  3 jackals (D:4)
  A quokka (D:5)
  A ball python (D:2)
  4 bats
  7 frilled lizards
  3 goblins
  13 kobolds
  4 rats
127 creatures vanquished.

Notes
Turn   | Place    | Note
-------+----------+-------------------------------------------
     0 | D:1      | intensedog the Minotaur Wanderer began the quest for the Orb.
     0 | D:1      | intensedog set off with: a book of Geomancy, Kikubaaqudgha's Tome of Black Rites, the Disquisition on Lightness, a +0 robe, a +0 club, a bread ration
     0 | D:1      | Reached XP level 1. HP: 16/16 MP: 2/2
    43 | D:1      | Identified Kikubaaqudgha's Tome of Black Rites
    43 | D:1      | Identified the Disquisition on Lightness
    53 | D:1      | Reached skill level 1 in Maces & Flails
   129 | D:1      | Reached XP level 2. HP: 9/23 MP: 4/4
  1349 | D:2      | Reached XP level 3. HP: 28/28 MP: 5/5
  1390 | D:2      | Found a white marble altar of Elyvilon.
  1497 | D:2      | Reached skill level 1 in Axes
  1505 | D:2      | Noticed Sigmund
  1523 | D:2      | Gained mutation: You have a pair of large horns on your head. [potion of mutation]
  1523 | D:2      | Gained mutation: You tend to lose your temper in combat. [potion of mutation]
  1523 | D:2      | Gained mutation: Your magical capacity is low. (-10% MP) [potion of mutation]
  1523 | D:2      | Gained mutation: You are partially covered in slimy green scales. (AC +2) [potion of mutation]
  1645 | D:3      | Reached skill level 2 in Axes
  2107 | D:3      | Reached XP level 4. HP: 35/35 MP: 5/5
  2679 | D:4      | Reached skill level 3 in Axes
  2774 | D:4      | Reached XP level 5. HP: 42/42 MP: 6/6
  2849 | D:4      | Reached skill level 4 in Axes
  3069 | D:4      | Reached skill level 5 in Axes
  3069 | D:4      | Reached XP level 6. HP: 51/51 MP: 7/7
  3945 | D:5      | Entered Level 5 of the Dungeon
  4116 | D:5      | Reached skill level 6 in Axes
  4141 | D:5      | Reached XP level 7. HP: 46/60 MP: 8/8
  4516 | D:5      | Reached skill level 7 in Axes
  4861 | D:5      | Reached skill level 5 in Fighting
  5358 | D:6      | Found a staircase to the Ecumenical Temple.
  5409 | D:6      | Reached skill level 8 in Axes
  5414 | Temple   | Entered the Ecumenical Temple
  5847 | Temple   | Became a worshipper of Gozag Ym Sagoz the Greedy
  6185 | D:6      | Reached XP level 8. HP: 63/70 MP: 9/9
  6257 | D:6      | Reached skill level 9 in Axes
  6882 | D:6      | Reached skill level 10 in Axes
  7354 | D:7      | Found Loqip's Antique Armour Shop.
  8294 | D:8      | Reached skill level 11 in Axes
  8294 | D:8      | Reached XP level 9. HP: 59/81 MP: 10/10
  8565 | D:8      | Noticed a two-headed ogre
  8575 | D:8      | Killed a two-headed ogre
  8575 | D:8      | Reached skill level 12 in Axes
  8717 | D:8      | Reached skill level 13 in Axes
  8720 | D:8      | Noticed a queen ant
  8742 | D:8      | HP: 4/84 [poisoned by a queen ant]
  8743 | D:8      | HP: 1/84 [poisoned by a queen ant]
  8746 | D:8      | Slain by a queen ant

Vault maps used:
D:1:      scummos_arrival_gate, serial_bayou, serial_bayou_pond_d,
          serial_bayou_pond_e, serial_bayou_shore_b, serial_bayou_pond_b,
          minmay_distorted
D:2:      elyvilon_altar_1, uniq_sigmund
D:3:      first_bread, minivault_27
D:6:      lemuel_upstairs_altar, minmay_temple_entry_statues
D:7:      serial_shops, shop_fountains
D:8:      nicolae_qazlal_general_emergency, minmay_lair_entry_grove,
          basic_altar, hangedman_little_slice_of_home, zaba_antful_of_joy
Temple:   minmay_crystal_snake_temple

Skill      XL: |  1  2  3  4  5  6  7  8  9 |
---------------+----------------------------+-----
Maces & Flails | 2 3 |  3.2
Axes           | 2 3 5 6 8 11 13 | 13.1
Fighting       | 2 3 4 6 7 9 |  9.5
Throwing       | |  1.0
Armour         | |  2.4
Stealth        | |  1.0
Spellcasting   | |  2.1
Transmutations | |  1.5

Action                   |  1- 3 |  4- 6 |  7- 9 || total
-------------------------+-------+-------+-------++-------
Melee: Club              |    72 |       |       ||    72
       Headbutt          |    10 |     6 |    46 ||    62
       War axe           |    36 |    85 |   244 ||   365
Invok: Potion Petition   |       |       |     2 ||     2
  Use: Potion            |     5 |       |     8 ||    13
       Scroll            |     6 |     6 |     5 ||    17
  Eat: Chunk             |     4 |     5 |     6 ||    15
       Bread ration      |       |     1 |     1 ||     2
Armor: Robe              |     6 |       |       ||     6
       Ring mail         |    31 |    22 |       ||    53
       Scale mail        |       |    10 |    43 ||    53
       Plate armour      |       |       |   119 ||   119
Dodge: Dodged            |    65 |    45 |    57 ||   167
Block: Buckler           |     1 |    12 |    28 ||    41

Table legend:
 A = Spawn XP
 B = Non-spawn XP
 C = Spawn XP percentage of total XP
 D = Spawn monster count
 E = Non-spawn monster count
 F = Spawn count percentage of total count
 G = Total turns spent on level
                    A         B        C        D         E        F      G
               +---------+---------+-------+---------+---------+-------+---------
         Total |       0 |    5246 |   0.0 |       0 |     127 |   0.0 |  8746
               +---------+---------+-------+---------+---------+-------+---------
           D:1 |       0 |      23 |   0.0 |       0 |      17 |   0.0 |   805
           D:2 |       0 |      32 |   0.0 |       0 |      15 |   0.0 |  1258
           D:3 |       0 |      55 |   0.0 |       0 |       9 |   0.0 |   909
           D:4 |       0 |     399 |   0.0 |       0 |      15 |   0.0 |  1006
           D:5 |       0 |     591 |   0.0 |       0 |      17 |   0.0 |  1353
           D:6 |       0 |    1066 |   0.0 |       0 |      20 |   0.0 |  1347
           D:7 |       0 |     613 |   0.0 |       0 |      15 |   0.0 |  1147
           D:8 |       0 |    2467 |   0.0 |       0 |      19 |   0.0 |   476
               +---------+---------+-------+---------+---------+-------+---------
